PAAA
MILTON DOGFISH HEAD @ CALGARY LYNX
05/29/2025
 
TOP OF THE 1ST
Milton Dogfish Head batting - Pitching for Calgary Lynx : RHP Manuel Pader
Pitching: RHP Manuel Pader
Batting: RHB Juan Jose Ayala 0-0: Foul Ball, location: 2F
0-1: Ball
1-1: Foul Ball, location: 2F
1-2: Ball
2-2: Strikes out swinging
Batting: RHB Baldomero Avino 0-0: Called Strike
0-1: Ball
1-1: Swinging Strike
1-2: Ball
2-2: Ball
3-2: Base on Balls
Batting: RHB Fernando Silva 0-0: Called Strike
0-1: Ball
1-1: Foul Ball, location: 2F
1-2: Ball
2-2: Fly out, F9 (Flyball, 9LM)
Batting: RHB Luis Alomar 0-0: Fly out, F8 (Flyball, 78M)
Top of the 1st over - 0 run(s), 0 hit(s), 0 error(s), 1 left on base; Milton 0 - Calgary 0
BOTTOM OF THE 1ST
Calgary Lynx batting - Pitching for Milton Dogfish Head : LHP Albert Lucas
Pitching: LHP Albert Lucas
Batting: RHB Darren Tomlinson 0-0: Ground out 1-3 (Groundball, 15)
Batting: LHB Miguel Zúñiga 0-0: Fly out, F7 (Flyball, 78M)
Batting: RHB Álex Estrada 0-0: Ball
1-0: Ball
2-0: Called Strike
2-1: Foul Ball, location: 2F
2-2: DOUBLE (Flyball, 89D)
Batting: LHB Thomas Campbell 0-0: Called Strike
0-1: Ball
1-1: Foul Ball, location: 2F
1-2: Ball
2-2: Foul Ball, location: 2F
2-2: Ball
3-2: Base on Balls
Batting: RHB José Carlos Ramos 0-0: Ball
1-0: Ball
2-0: Swinging Strike
2-1: Foul Ball, location: 2F
2-2: Strikes out looking
Bottom of the 1st over - 0 run(s), 1 hit(s), 0 error(s), 2 left on base; Milton 0 - Calgary 0
TOP OF THE 2ND
Milton Dogfish Head batting - Pitching for Calgary Lynx : RHP Manuel Pader
Batting: LHB Sean Booth 0-0: Foul Ball, location: 2F
0-1: Called Strike
0-2: Ground out 4-3 (Groundball, 4)
Batting: RHB José Correa 0-0: Called Strike
0-1: Ball
1-1: Foul Ball, location: 2F
1-2: Ball
2-2: Strikes out swinging
Batting: RHB David Sánchez 0-0: Ball
1-0: Called Strike
1-1: Ball
2-1: Swinging Strike
2-2: Ball
3-2: Base on Balls
Batting: RHB Leonard James 0-0: Ball
1-0: Fly out, F9 (Flyball, 9LS)
Top of the 2nd over - 0 run(s), 0 hit(s), 0 error(s), 1 left on base; Milton 0 - Calgary 0
BOTTOM OF THE 2ND
Calgary Lynx batting - Pitching for Milton Dogfish Head : LHP Albert Lucas
Batting: LHB Emílio Barbán 0-0: Fly out, F9 (Flyball, 9S)
Batting: RHB Hieu De 0-0: Ball
1-0: Ball
2-0: Ball
3-0: Base on Balls
Batting: SHB Eric O'Neill 0-0: Grounds into double play, 1-6-3 (Groundball, P)
Bottom of the 2nd over - 0 run(s), 0 hit(s), 0 error(s), 0 left on base; Milton 0 - Calgary 0
TOP OF THE 3RD
Milton Dogfish Head batting - Pitching for Calgary Lynx : RHP Manuel Pader
Batting: RHB Marcos Calderón 0-0: Ball
1-0: Called Strike
1-1: Ball
2-1: Swinging Strike
2-2: Hit by Pitch
Batting: RHB Juan Jose Ayala 0-0: Grounds into double play, 4-6-3 (Groundball, 34)
Batting: RHB Baldomero Avino 0-0: Ball
1-0: SINGLE (Groundball, 56D)
Batting: RHB Fernando Silva 0-0: Ball
1-0: Ball
2-0: Fielders Choice at 2nd, 6-4 (Groundball, 6)
Top of the 3rd over - 0 run(s), 1 hit(s), 0 error(s), 0 left on base; Milton 0 - Calgary 0
BOTTOM OF THE 3RD
Calgary Lynx batting - Pitching for Milton Dogfish Head : LHP Albert Lucas
Batting: RHB Chris Woodruff 0-0: Called Strike
0-1: Called Strike
0-2: Ball
1-2: Foul Ball, location: 2F
1-2: Foul Ball, location: 2F
1-2: Ball
2-2: Foul Ball, location: 2F
2-2: Foul Ball, location: 2F
2-2: Ball
3-2: Hit by Pitch
Batting: RHB Darren Tomlinson 0-0: Called Strike
0-1: Swinging Strike
0-2: Ball
1-2: Ball
2-2: Ball
3-2: Base on Balls
Chris Woodruff to second
Batting: LHB Miguel Zúñiga 0-0: Ball
1-0: Ball
2-0: Called Strike
2-1: Foul Ball, location: 2F
2-2: Foul Ball, location: 2F
2-2: Fly out, F4 (Popup, 3D)
Batting: RHB Álex Estrada 0-0: Swinging Strike
0-1: Hit by Pitch
Chris Woodruff to third
Darren Tomlinson to second
Batting: LHB Thomas Campbell 0-0: Ball
1-0: Called Strike
1-1: Fielders Choice at 2nd, 3-6 (Groundball, 34)
Chris Woodruff scores
Darren Tomlinson to third
Batting: RHB José Carlos Ramos Pickoff Throw to First - Out!
Bottom of the 3rd over - 1 run(s), 0 hit(s), 0 error(s), 0 left on base; Milton 0 - Calgary 1
TOP OF THE 4TH
Milton Dogfish Head batting - Pitching for Calgary Lynx : LHP Elroy Gardner
Pitching: LHP Elroy Gardner
Batting: RHB Luis Alomar 0-0: Foul Ball, location: 2F
0-1: Ball
1-1: Ball
2-1: Foul Ball, location: 2F
2-2: Foul Ball, location: 2F
2-2: Foul Ball, location: 2F
2-2: Ball
3-2: Fly out, F7 (Flyball, 7)
Batting: LHB Sean Booth 0-0: Ball
1-0: Ball
2-0: Ball
3-0: Base on Balls
Batting: RHB José Correa 0-0: Called Strike
0-1: Ball
1-1: Fielders Choice at 2nd, 5-4 (Groundball, 5)
Batting: RHB David Sánchez 0-0: Ball
1-0: Ball
2-0: Ball
3-0: Called Strike
3-1: Foul Ball, location: 2F
3-2: SINGLE (Line Drive, 6)
José Correa to second
José Correa to third
Batting: RHB Leonard James 0-0: Reached on error, E5 (Groundball, 56)
José Correa scores
David Sánchez to second
Batting: RHB Marcos Calderón 0-0: Ball
1-0: Ball
2-0: Fly out, F9 (Flyball, 9)
Top of the 4th over - 1 run(s), 1 hit(s), 1 error(s), 2 left on base; Milton 1 - Calgary 1
BOTTOM OF THE 4TH
Calgary Lynx batting - Pitching for Milton Dogfish Head : LHP Albert Lucas
Batting: RHB José Carlos Ramos 0-0: Ball
1-0: Ball
2-0: Ball
3-0: Base on Balls
Batting: LHB Emílio Barbán 0-0: Ball
1-0: Fly out, F5 (Popup, 56)
Batting: RHB Hieu De 0-0: Called Strike
0-1: Ground out 5-3 (Groundball, 5S)
José Carlos Ramos to second
Batting: SHB Eric O'Neill 0-0: Called Strike
0-1: Swinging Strike
0-2: Foul Ball, location: 2F
0-2: Ball
1-2: Ball
2-2: Fly out, F8 (Flyball, 8LM)
Bottom of the 4th over - 0 run(s), 0 hit(s), 0 error(s), 1 left on base; Milton 1 - Calgary 1
TOP OF THE 5TH
Milton Dogfish Head batting - Pitching for Calgary Lynx : LHP Elroy Gardner
Batting: RHB Juan Jose Ayala 0-0: Ball
1-0: Ball
2-0: Ground out 4-3 (Groundball, 4)
Batting: RHB Baldomero Avino 0-0: Swinging Strike
0-1: Fly out, F5 (Line Drive, 5S)
Batting: RHB Fernando Silva 0-0: Swinging Strike
0-1: Ball
1-1: Foul Ball, location: 2F
1-2: Strikes out swinging
Top of the 5th over - 0 run(s), 0 hit(s), 0 error(s), 0 left on base; Milton 1 - Calgary 1
BOTTOM OF THE 5TH
Calgary Lynx batting - Pitching for Milton Dogfish Head : LHP Albert Lucas
Batting: RHB Chris Woodruff 0-0: Foul Ball, location: 2F
0-1: Ball
1-1: Ball
2-1: Fly out, F3 (Line Drive, 3)
Batting: RHB Darren Tomlinson 0-0: Ball
1-0: Foul Ball, location: 2F
1-1: Ball
2-1: Foul Ball, location: 2F
2-2: SINGLE (Line Drive, 7S)
Batting: LHB Miguel Zúñiga 0-0: Ball
1-0: Fielders Choice at 2nd, 3-6 (Groundball, 3)
Batting: RHB Álex Estrada 0-0: Ball
1-0: Called Strike
1-1: SINGLE (Flyball, 89S)
Miguel Zúñiga to second
Batting: LHB Thomas Campbell 0-0: Ball
1-0: Ball
2-0: Swinging Strike
2-1: Swinging Strike
2-2: Ball
3-2: Base on Balls
Miguel Zúñiga to third
Álex Estrada to second
Batting: RHB José Carlos Ramos 0-0: Called Strike
0-1: Foul Ball, location: 2F
0-2: Foul Ball, location: 2F
0-2: Strikes out looking
Bottom of the 5th over - 0 run(s), 2 hit(s), 0 error(s), 3 left on base; Milton 1 - Calgary 1
TOP OF THE 6TH
Milton Dogfish Head batting - Pitching for Calgary Lynx : LHP Elroy Gardner
Batting: RHB Luis Alomar 0-0: Ball
1-0: Ball
2-0: Ball
3-0: Base on Balls
Batting: LHB Sean Booth 0-0: Called Strike
0-1: Swinging Strike
0-2: Strikes out looking
Batting: RHB José Correa 0-0: Foul Ball, location: 2F
0-1: Ball
1-1: Ball
2-1: Ball
3-1: Foul Ball, location: 2F
3-2: Base on Balls
Luis Alomar to second
Batting: RHB David Sánchez 0-0: Foul Ball, location: 2F
0-1: Ball
Luis Alomar steals 3rd base
José Correa to second
1-1: Ball
2-1: DOUBLE (Line Drive, 78M)
Luis Alomar scores
José Correa scores
Pitching: LHP Adrian Neumann
Batting: RHB Leonard James 0-0: Foul Ball, location: 2F
0-1: Called Strike
0-2: Ball
1-2: Foul Ball, location: 2F
1-2: SINGLE (Groundball, 6MD)
David Sánchez to third
Batting: RHB Marcos Calderón 0-0: Ball
1-0: Foul Ball, location: 2F
1-1: Swinging Strike
1-2: Strikes out swinging
Batting: RHB Juan Jose Ayala 0-0: Swinging Strike
0-1: Foul Ball, location: 2F
0-2: Foul Ball, location: 2F
0-2: Ball
1-2: SINGLE (Line Drive, 6M)
David Sánchez scores
Leonard James to second
Runner from 2nd tries for 3rd, SAFE, throw made to third
Juan Jose Ayala to second
Batting: RHB Baldomero Avino 0-0: Ball
1-0: Ball
2-0: Reached on error, E5 (Groundball, 56S)
Leonard James scores
Juan Jose Ayala scores
Batting: RHB Fernando Silva 0-0: Foul Ball, location: 2F
0-1: Ball
1-1: Swinging Strike
1-2: Foul Ball, location: 2F
1-2: Fly out, F6 (Line Drive, 6M)
Top of the 6th over - 5 run(s), 3 hit(s), 1 error(s), 1 left on base; Milton 6 - Calgary 1
BOTTOM OF THE 6TH
Calgary Lynx batting - Pitching for Milton Dogfish Head : LHP Albert Lucas
Batting: LHB Emílio Barbán 0-0: Swinging Strike
0-1: SINGLE (Groundball, 34D)
Batting: RHB Hieu De 0-0: Foul Ball, location: 2F
0-1: Fly out, F6 (Popup, 56D)
Batting: SHB Eric O'Neill 0-0: Grounds into double play, 5-4-3 (Groundball, 5L)
Bottom of the 6th over - 0 run(s), 1 hit(s), 0 error(s), 0 left on base; Milton 6 - Calgary 1
TOP OF THE 7TH
Milton Dogfish Head batting - Pitching for Calgary Lynx : LHP Adrian Neumann
Batting: RHB Luis Alomar 0-0: Ground out U3 (Groundball, 34)
Batting: LHB Sean Booth 0-0: Swinging Strike
0-1: Ball
1-1: Foul Ball, location: 2F
1-2: Strikes out swinging
Batting: RHB José Correa 0-0: Swinging Strike
0-1: Swinging Strike
0-2: Ball
1-2: Ball
2-2: Ball
3-2: Foul Ball, location: 2F
3-2: Base on Balls
Batting: RHB David Sánchez 0-0: Ball
1-0: Fly out, F9 (Flyball, 9)
Top of the 7th over - 0 run(s), 0 hit(s), 0 error(s), 1 left on base; Milton 6 - Calgary 1
BOTTOM OF THE 7TH
Calgary Lynx batting - Pitching for Milton Dogfish Head : LHP Albert Lucas
Batting: RHB Chris Woodruff 0-0: Foul Ball, location: 2F
0-1: Foul Ball, location: 2F
0-2: Foul Ball, location: 2F
0-2: Strikes out swinging
Batting: RHB Darren Tomlinson 0-0: Foul Ball, location: 2F
0-1: Ball
1-1: Called Strike
1-2: Ball
2-2: Foul Ball, location: 2F
2-2: Fly out, F6 (Popup, 6)
Batting: LHB Miguel Zúñiga 0-0: Fly out, F5 (Line Drive, 56)
Bottom of the 7th over - 0 run(s), 0 hit(s), 0 error(s), 0 left on base; Milton 6 - Calgary 1
TOP OF THE 8TH
Milton Dogfish Head batting - Pitching for Calgary Lynx : LHP Adrian Neumann
Batting: RHB Leonard James 0-0: Called Strike
0-1: Swinging Strike
0-2: Ball
1-2: Ground out 5-3 (Groundball, 56)
Batting: RHB Marcos Calderón 0-0: Called Strike
0-1: Swinging Strike
0-2: Ball
1-2: Strikes out swinging
Batting: RHB Juan Jose Ayala 0-0: Hit by Pitch
Batting: RHB Baldomero Avino 0-0: Ball
1-0: Foul Ball, location: 2F
1-1: Ball
2-1: Fly out, F2 (Popup, 34S)
Top of the 8th over - 0 run(s), 0 hit(s), 0 error(s), 1 left on base; Milton 6 - Calgary 1
BOTTOM OF THE 8TH
Calgary Lynx batting - Pitching for Milton Dogfish Head : LHP Albert Lucas
Pitching: RHP Brandeis Göller
Batting: RHB Álex Estrada 0-0: Called Strike
0-1: Swinging Strike
0-2: Strikes out swinging
Batting: LHB Thomas Campbell 0-0: Ball
1-0: Ball
2-0: Swinging Strike
2-1: Ball
3-1: Base on Balls
Batting: RHB José Carlos Ramos 0-0: Ball
1-0: Called Strike
1-1: Swinging Strike
1-2: Strikes out swinging
Batting: LHB Emílio Barbán 0-0: Ball
1-0: Ball
2-0: Called Strike
2-1: Swinging Strike
2-2: Foul Ball, location: 2F
2-2: Ball
3-2: Foul Ball, location: 2F
3-2: Base on Balls
Thomas Campbell to second
Batting: RHB Hieu De 0-0: Ball
1-0: Called Strike
1-1: Ball
2-1: Foul Ball, location: 2F
2-2: Foul Ball, location: 2F
2-2: Foul Ball, location: 2F
2-2: Ball
3-2: Base on Balls
Thomas Campbell to third
Emílio Barbán to second
Pitching: RHP Manny Pérez
Batting: SHB Eric O'Neill 0-0: Swinging Strike
0-1: Fielders Choice at 2nd, 6-4 (Groundball, 6)
Bottom of the 8th over - 0 run(s), 0 hit(s), 0 error(s), 2 left on base; Milton 6 - Calgary 1
TOP OF THE 9TH
Milton Dogfish Head batting - Pitching for Calgary Lynx : LHP Adrian Neumann
Batting: RHB Fernando Silva 0-0: Called Strike
0-1: Foul Ball, location: 2F
0-2: Ball
1-2: Ball
2-2: SINGLE (Line Drive, 89M)
Pitching: RHP Ánibal Sánchez
Batting: RHB Luis Alomar 0-0: Ball
1-0: Foul Ball, location: 2F
1-1: Ball
2-1: Foul Ball, location: 2F
2-2: Ground out 6-3 (Groundball, 6)
Fernando Silva to second
Now at SS: John Huff
Batting: LHB Sean Booth 0-0: Ball
1-0: Ball
2-0: Called Strike
2-1: Foul Ball, location: 2F
2-2: Foul Ball, location: 2F
2-2: Foul Ball, location: 2F
2-2: Ball
3-2: Strikes out looking and he physically ARGUES THE CALL AND IS TOSSED!
Batting: RHB José Correa 0-0: Ball
1-0: Foul Ball, location: 2F
1-1: Ball
2-1: Ground out 4-3 (Groundball, 4)
Top of the 9th over - 0 run(s), 1 hit(s), 0 error(s), 1 left on base; Milton 6 - Calgary 1
BOTTOM OF THE 9TH
Calgary Lynx batting - Pitching for Milton Dogfish Head : RHP Manny Pérez
Pitching: RHP Jim Unknown
Now at C: Vern Ewing
Batting: RHB John Huff 0-0: Ball
1-0: SINGLE (Line Drive, 4D)
Batting: RHB Darren Tomlinson 0-0: SINGLE (Line Drive, 6M)
John Huff to second
Batting: LHB Miguel Zúñiga 0-0: Called Strike
0-1: Swinging Strike
0-2: Strikes out swinging
Batting: RHB Álex Estrada 0-0: Called Strike
0-1: Ball
1-1: Swinging Strike
1-2: Foul Ball, location: 2F
1-2: Foul Ball, location: 2F
1-2: Reached on error, E6 (Groundball, 6)
John Huff to third
Darren Tomlinson to second
Batting: LHB Thomas Campbell 0-0: Ball
1-0: Ball
2-0: Ball
3-0: Base on Balls
John Huff scores
Darren Tomlinson to third
Álex Estrada to second
Batting: RHB José Carlos Ramos 0-0: Swinging Strike
0-1: Foul Ball, location: 2F
0-2: Ball
1-2: Strikes out swinging
Batting: LHB Emílio Barbán 0-0: Ball
1-0: Called Strike
1-1: Ground out 1-3 (Groundball, P)
Bottom of the 9th over - 1 run(s), 2 hit(s), 1 error(s), 3 left on base; Milton 6 - Calgary 2
Friday, December 30th, 2016 - OOTP Baseball 17.12 Build 75